 Dungeon Crawl Stone Soup version 0.21-a0-442-g848f44b (webtiles) character file.

46 Gildeon the Firebug (level 3, -6/19 HPs)
             Began as a Deep Elf Fire Elementalist on Nov 15, 2017.
             Killed from afar by Sigmund (8 damage)
             ... with a magic dart
             ... on level 2 of the Dungeon.
             The game lasted 00:15:18 (1430 turns).

Gildeon the Firebug (Deep Elf Fire Elementalist)    Turns: 1430, Time: 00:15:19

Health: -6/19      AC:  2    Str:  5    XL:     3   Next: 44%
Magic:  1/9        EV: 13    Int: 23    God:
Gold:   54         SH:  0    Dex: 15    Spells: 2/8 levels left

rFire    . . .     SeeInvis .   e - +0 short sword
rCold    . . .     Gourm    .   (no shield)
rNeg     . . .     Faith    .   a - +0 robe
rPois    .         Spirit   .   (no helmet)
rElec    .         Reflect  .   (no cloak)
rCorr    .         Harm     .   (no gloves)
MR       .....                  (no boots)
Stlth    ++........             (no amulet)
HPRegen  0.06/turn              c - +3 ring of intelligence
MPRegen  0.11/turn              (no ring)

@: no status effects
A: no striking features
a: no special abilities


You were on level 2 of the Dungeon.
You were not hungry.

You visited 1 branch of the dungeon, and saw 2 of its levels.

You collected 54 gold pieces.

Inventory:

Hand Weapons
 e - a +0 short sword (weapon)
Armour
 a - a +0 robe (worn)
Jewellery
 c - a +3 ring of intelligence (left hand)
Potions
 d - a potion of might
Books
 b - a book of Flames

   Spells                             Type                      Level
   a - Flame Tongue                   Conjuration/Fire             1
   b - Throw Flame                    Conjuration/Fire             2
   c - Conjure Flame                  Conjuration/Fire             3
   d - Inner Flame                    Hexes/Fire                   3
   e - Sticky Flame                   Conjuration/Fire             4
   f - Fireball                       Conjuration/Fire             5
Comestibles
 f - a bread ration
 i - 2 meat rations


   Skills:
 - Level 2.4 Dodging
 - Level 2.4 Stealth
 - Level 3.0 Spellcasting
 + Level 1.1 Conjurations
 - Level 5.0 Fire Magic


You had 2 spell levels left.
You knew the following spells:

 Your Spells              Type           Power        Failure   Level  Hunger
a - Flame Tongue          Conj/Fire      ###..        3%          1    None
b - Throw Flame           Conj/Fire      ###...       4%          2    ##.....
c - Conjure Flame         Conj/Fire      ###.....     10%         3    ###....


Dungeon Overview and Level Annotations

Branches:
Dungeon (2/15)

Altars:

Annotations:
D:2 Sigmund


Message History

You bump into the rock wall.
You're too confused to cast spells.
You bump into the rock wall.
Sigmund points at you and mumbles some strange words.
You resist with some effort.
You're too confused to cast spells.
You bump into the rock wall.
You feel less confused.
Casting: Flame Tongue
Confirm with . or Enter, or press ? or * to list all spells.
Aiming: Throw Flame
Press: ? - help, Shift-Dir - straight line, f/p - Sigmund
Aim: Sigmund, wielding a scythe and wearing a robe (heavily wounded)
The puff of flame hits Sigmund.
Sigmund is heavily wounded.
Sigmund barely misses you.
Sigmund says, "Don't worry, I'll kill you fast."
Sigmund casts a spell at you. The magic dart hits you!
You die...

#...###...,****,**
#......#..,,,,,,########
#.........,*,,,,........
#......####*,,,,........
##...#.....,,,,,.......K
#........,,,,**#######@
#....##..,,,,* #.
#....#################.
#.....@...@K..(........
#....###########.......
####.# #.###### #.#
#######.#
#.#####....##.#
#..........##.#
#######.#####.#
#.......# #########


You could see Sigmund and a kobold.

Vanquished Creatures
  An adder (D:2)
  2 dart slugs (D:1)
  A leopard gecko (D:1)
  A giant cockroach (D:1)
  3 goblins (D:1)
  7 hobgoblins (D:1)
  3 jackals (D:1)
  5 kobolds
  A bat (D:1)
  4 rats (D:1)
28 creatures vanquished.

Notes
Turn   | Place    | Note
-------+----------+-------------------------------------------
     0 | D:1      | Gildeon the Deep Elf Fire Elementalist began the quest for the Orb.
     0 | D:1      | Reached XP level 1. HP: 10/10 MP: 6/6
   122 | D:1      | Reached skill level 4 in Fire Magic
   122 | D:1      | Reached XP level 2. HP: 15/15 MP: 4/8
   127 | D:1      | Learned a level 2 spell: Throw Flame
   843 | D:1      | Reached XP level 3. HP: 19/19 MP: 6/9
   849 | D:1      | Learned a level 3 spell: Conjure Flame
  1270 | D:2      | Reached skill level 5 in Fire Magic
  1400 | D:2      | Noticed Sigmund
  1430 | D:2      | Killed from afar by Sigmund

Vault maps used:
D:1:      roderic_crossed_star
D:2:      evilmike_ruin_ashenzari, first_bread,
          chequers_ecumenical_altar_simple_redux, uniq_sigmund, uniq_robin

Skill      XL: |  1  2  3 |
---------------+----------+-----
Fire Magic     | 4 5 |  5.0
Dodging        | |  2.4
Stealth        | |  2.4
Spellcasting   | |  3.0
Conjurations   | |  1.1

Action                   || total
-------------------------++-------
Melee: Short sword       ||     1
 Cast: Flame Tongue      ||    23
       Throw Flame       ||    26
  Use: Scroll            ||     8
  Eat: Bread ration      ||     1
Dodge: Dodged            ||    12

Table legend:
 A = Spawn XP
 B = Non-spawn XP
 C = Spawn XP percentage of total XP
 D = Spawn monster count
 E = Non-spawn monster count
 F = Spawn count percentage of total count
 G = Total turns spent on level
                    A         B        C        D         E        F      G
               +---------+---------+-------+---------+---------+-------+---------
         Total |       0 |      66 |   0.0 |       0 |      28 |   0.0 |  1430
               +---------+---------+-------+---------+---------+-------+---------
           D:1 |       0 |      51 |   0.0 |       0 |      26 |   0.0 |  1267
           D:2 |       0 |      15 |   0.0 |       0 |       2 |   0.0 |   163
               +---------+---------+-------+---------+---------+-------+---------
